 Dungeon Crawl Stone Soup version 0.30.1-11-g7821555f0a (webtiles) character file.

Game seed: 11860919838065225781

44 Janerl the Shooter (level 3, -6/30 HPs)
             Began as a Hill Orc Hunter on Oct 27, 2023.
             Mangled by Terence
             ... wielding a +3 trident of protection
              (11 damage)
             ... on level 2 of the Dungeon.
             The game lasted 00:06:07 (1349 turns).

Janerl the Shooter (Hill Orc Hunter)                Turns: 1349, Time: 00:06:07

Health: -6/30      AC:  3    Str: 13    XL:     3   Next: 60%
Magic:  12/12      EV: 11    Int:  9    God:
Gold:   73         SH:  0    Dex: 16    Spells: 2/2 levels left

rFire   + + .        a - +0 shortbow
rCold   . . .        (shield currently unavailable)
rNeg    . . .        n - +0 leather armour of Focus {Contam Fly rF++ MP+9}
rPois   .            (no helmet)
rElec   .            (no cloak)
rCorr   .            (no gloves)
SInv    .            (no boots)
Will    .....        h - amulet of regeneration
Stlth   +            (no ring)
HPRegen 1.05/turn    (no ring)
MPRegen 0.13/turn

%: no passive effects
@: flying
A: no striking features
a: no special abilities


You were on level 2 of the Dungeon.
You visited 1 branch of the dungeon, and saw 2 of its levels.

You collected 73 gold pieces.

Inventory:

Hand Weapons
 a - a +0 shortbow (weapon)
Armour
 c - a +0 leather armour
 n - the +0 leather armour of Focus (worn) {Contam Fly rF++ MP+9}
   (You found it on level 2 of the Dungeon)

   rF:        It greatly protects you from fire.
   MP:        It affects your magic capacity (+9).
   Fly:       It grants you flight.
   Contam:    It causes magical contamination when unequipped.
Jewellery
 h - an amulet of regeneration (around neck)
 m - a ring of ice
Scrolls
 b - 2 scrolls of immolation
 d - a scroll of identify {unknown}
 e - 2 scrolls of teleportation {unknown}
 f - a scroll of poison {unknown}
 i - a scroll of fog {unknown}
 o - a scroll of blinking {unknown}
Potions
 g - a potion of mutation {unknown}
 j - 3 potions of lignification {unknown}
 k - a potion of heal wounds {unknown}
 l - 2 potions of resistance {unknown}


   Skills:
 + Level 2.8 Fighting
 + Level 4.6 Ranged Weapons
 + Level 1.5 Dodging
 + Level 0.7 Stealth


You had 2 spell levels left.
You didn't know any spells.
Your spell library was empty.

Dungeon Overview and Level Annotations

Branches:
Dungeon (2/15)

Altars:

Annotations:
D:2 Terence


Message History

The arrow hits Terence but does no damage.
Terence closely misses you.
Terence hits you from afar with a +3 trident of protection!
Found a golden potion.
Fire: a) +0 shortbow
Press: ? - help, Q - select action Shift-Dir - straight line, f/p - Terence
Aim: Terence, wielding a +3 trident of protection and wearing a +0 chain mail (70% to hit)
You shoot an arrow. The arrow hits Terence.
Terence is lightly wounded.
Terence closely misses you.
Fire: a) +0 shortbow
Press: ? - help, Q - select action Shift-Dir - straight line, f/p - Terence
Aim: Terence, wielding a +3 trident of protection and wearing a +0 chain mail (lightly wounded, 70% to hit)
You shoot an arrow. The arrow barely misses Terence.
Terence barely misses you.
Terence hits you from afar with a +3 trident of protection.
You aren't carrying any items that you can evoke.
Fire: a) +0 shortbow
Press: ? - help, Q - select action Shift-Dir - straight line, f/p - Terence
Aim: Terence, wielding a +3 trident of protection and wearing a +0 chain mail (lightly wounded, 70% to hit)
You shoot an arrow.
The arrow hits Terence but does no damage.
Terence is lightly wounded.
Terence closely misses you.
Fire: a) +0 shortbow
Press: ? - help, Q - select action Shift-Dir - straight line, f/p - Terence
Aim: Terence, wielding a +3 trident of protection and wearing a +0 chain mail (lightly wounded, 70% to hit)
You shoot an arrow.
The arrow hits Terence but does no damage.
Terence is lightly wounded.
Terence hits you from afar with a +3 trident of protection.
Fire: a) +0 shortbow
Press: ? - help, Q - select action Shift-Dir - straight line, f/p - Terence
Aim: Terence, wielding a +3 trident of protection and wearing a +0 chain mail (lightly wounded, 70% to hit)
You shoot an arrow. The arrow hits Terence.
Terence is lightly wounded.
Terence hits you from afar with a +3 trident of protection!
* * * LOW HITPOINT WARNING * * *
Terence hits you from afar with a +3 trident of protection!
You die...

##...#
#.....
###.#
...... #.#
#.##..
#.#####.. #
#..
#.......#
.####
##.#####.#
....
##.@.####.#
#.#
#.........!
##.
#..@...##.#
# #.....##
#.###
##.?.....
#....
#########
#####


You could see Terence.

Vanquished Creatures
  An adder (D:2)
  A dart slug (D:1)
  A ball python (D:1)
  3 endoplasms
  4 giant cockroaches
  A goblin (D:2)
  A hobgoblin (D:1)
  4 jackals (D:2)
  3 quokkas (D:1)
  A bat (D:1)
  A frilled lizard (D:1)
  3 kobolds
  5 rats
29 creatures vanquished.

Notes
Turn   | Place    | Note
-------+----------+-------------------------------------------
     0 | D:1      | Janerl the Hill Orc Hunter began the quest for the Orb.
     0 | D:1      | Reached XP level 1. HP: 18/18 MP: 1/1
   245 | D:1      | Reached skill level 4 in Ranged Weapons
   245 | D:1      | Reached XP level 2. HP: 25/25 MP: 2/2
   933 | D:2      | Reached XP level 3. HP: 30/30 MP: 3/3
  1015 | D:2      | Identified the +5 mace of Big Damage {elec, Fly rPois}
  1120 | D:2      | Identified the +0 leather armour of Focus {Contam Fly rF++
                  | MP+9}
  1335 | D:2      | Noticed Terence
  1349 | D:2      | Mangled by Terence

Illustrated notes

Levels and vault maps discovered:
D:1:      minmay_arrival_arboretum_small, layout_basic, hangedman_feature_mirror
D:2:      layout_loops_cross, uniq_terence, uniq_crazy_yiuf_cottage

Skill      XL: |  1 |
---------------+----+-----
Ranged Weapons | 4 |  4.6
Fighting       | |  2.8
Dodging        | |  1.5
Stealth        | |  0.7

Action                     || total
---------------------------++-------
   Fire: Shortbow          ||    97
 Armour: Leather armour    ||    11
  Dodge: Dodged            ||    28
